 Dungeon Crawl Stone Soup version 0.30-a0-169-g06f667207d (webtiles) character file.

Game seed: 9098505895670393305

39 qw the Shield-Bearer (level 3, -7/23 HPs)
             Began as a Gargoyle Fighter on Sept 30, 2022.
             Mangled by a gnoll
             ... wielding a +0 halberd
              (11 damage)
             ... on level 2 of the Dungeon.
             The game lasted 00:00:24 (1112 turns).

qw the Shield-Bearer (Gargoyle Fighter)             Turns: 1112, Time: 00:00:25

Health: -7/23      AC: 12    Str: 19 (21) XL:     3   Next: 45%
Magic:  3/3        EV:  7    Int:  6 (8)  God:
Gold:   61         SH:  4    Dex:  7 (9)  Spells: 2/2 levels left

rFire   + . .      SeeInvis .    Y - +0 war axe
rCold   + . .      Faith    .    c - +0 buckler
rNeg    + . .      Spirit   .    i - +0 chain mail
rPois   inf        Reflect  .    (no helmet)
rElec   +          Harm     .    n - scarf {rC+ rF+}
rCorr   .          Rampage  .    (no gloves)
Will    .....                    (no boots)
Stlth   ..........               (no amulet)
HPRegen 0.07/turn                (no ring)
MPRegen 0.08/turn                (no ring)

@: no status effects
A: sickness immunity, AC +3, negative energy resistance 1, electricity
resistance, torment resistance 1, petrification resistance
a: no special abilities


You were on level 2 of the Dungeon.
You visited 1 branch of the dungeon, and saw 2 of its levels.

You collected 61 gold pieces.


Innate Abilities, Weirdness & Mutations

You are immune to sickness and miasma.
Your stone body is resilient. (AC +3)
You are immune to poison.
You resist negative energy. (rN+)
You are resistant to electric shocks. (rElec)
You are resistant to unholy torment.
You are immune to petrification.


   Skills:
 - Level 3.2 Fighting
 - Level 3.2 Axes
 + Level 0.7 Throwing
 - Level 3.2 Armour
 - Level 3.2 Shields


You had 2 spell levels left.
You didn't know any spells.
Your spell library was empty.

Inventory:

Hand Weapons
 e - a +0 club
 Y - a +0 war axe (weapon)
Missiles
 p - 2 javelins (quivered)
Armour
 c - a +0 buckler (worn)
 i - a +0 chain mail (worn)
 n - a scarf of resistance (worn)
Scrolls
 a - a scroll of identify
Potions
 b - a potion of cancellation {unknown}
 d - a potion of might
 j - 2 potions of curing
 m - a potion of attraction {unknown}
 o - 2 potions of lignification

Dungeon Overview and Level Annotations

Branches:
Dungeon (2/15)

Altars:


Message History

The gnoll shouts!
A gnoll comes into view. It is wielding a +0 club.
The gnoll shouts!
A gnoll comes into view. It is wielding a +0 club.
The gnoll shouts!
You hit the gnoll.
The gnoll is lightly wounded.
The gnoll barely misses you. The gnoll hits you with a +0 club.
The gnoll hits you from afar with a +0 halberd!
You slash the gnoll!
The gnoll is almost dead.
You block the gnoll's attack. x2
You barely miss the gnoll.
The gnoll is almost dead.
The gnoll hits you but does no damage. x2
You hit the gnoll.
You kill the gnoll!
The gnoll barely misses you. You block the gnoll's attack.
The gnoll hits you from afar with a +0 halberd.
Your Axes skill increases to level 3!
You have reached level 3!
Your experience leads to an increase in your attributes!
Your base attributes are Str 19, Int 8, Dex 9.
Increase (S)trength, (I)ntelligence, or (D)exterity?
You feel stronger. x2
You hit the gnoll.
The gnoll is moderately wounded.
You block the gnoll's attack. The gnoll barely misses you.
You slash the gnoll!
You kill the gnoll!
The gnoll hits you from afar with a +0 halberd!
The gnoll closely misses you.
You feel your dexterity returning. The gnoll closely misses you.
Things that are here:
a +0 club; a +0 club You barely miss the gnoll.
The gnoll barely misses you.
You barely miss the gnoll. You block the gnoll's attack.
The gnoll hits you with a +0 halberd!
You die...

### ..#
#.# #.#
#.#####.#
#g.......
#@# #.#
#.# #.# #
#.#######
#
#.).(....
#
#.#######
# #.#
#.## #.#
#..


You could see a gnoll.

Vanquished Creatures
  2 gnolls (D:2)
  A dart slug (D:2)
  2 endoplasms (D:1)
  A giant cockroach (D:1)
  3 goblins
  3 kobolds
  A quokka (D:1)
  A bat (D:2)
  2 frilled lizards
  2 rats (D:1)
18 creatures vanquished.

Notes
Turn   | Place    | Note
-------+----------+-------------------------------------------
     0 | D:1      | qw the Gargoyle Fighter began the quest for the Orb.
     0 | D:1      | Reached XP level 1. HP: 14/14 MP: 1/1
     0 | D:1      | 0 ||| qw: Version: 0.2-a-12-gaebbb33
     0 | D:1      | 0 ||| qw: Game counter: 1384
     0 | D:1      | 0 ||| qw: Always use a shield: true
     0 | D:1      | 0 ||| qw: God list: Okawaru
     0 | D:1      | 0 ||| qw: Allow faded altars: false
     0 | D:1      | 0 ||| qw: Do Orc after D:15 true
     0 | D:1      | 0 ||| qw: Do second Lair branch before Depths: true
     0 | D:1      | 0 ||| qw: Lair rune preference: random
     0 | D:1      | 0 ||| qw: Plans: Normal, Zot:1-4, God:TSO, Crypt, Tomb,
                  | Pan, Slime:5, Hells, Abyss, Orb
     0 | D:1      | 0 ||| PLANNING D:1-11
     2 | D:1      | Noticed a palentonga
     4 | D:1      | Noticed an ogre
     4 | D:1      | Noticed a demigod
     6 | D:1      | Noticed a human
     6 | D:1      | Noticed a gargoyle
     8 | D:1      | Noticed a minotaur
     8 | D:1      | Noticed a tengu
    10 | D:1      | Noticed a formicid
    12 | D:1      | Noticed an octopode
    12 | D:1      | Noticed an elf
    14 | D:1      | Noticed a meteoran
    16 | D:1      | Noticed a vampire
    16 | D:1      | Noticed a naga
    18 | D:1      | Noticed a demonspawn
    18 | D:1      | Noticed a troll
    20 | D:1      | Noticed a spriggan
    20 | D:1      | Noticed a vine stalker
    22 | D:1      | Noticed a ghoul
    22 | D:1      | Noticed a draconian
    24 | D:1      | Noticed a palentonga
    24 | D:1      | Noticed a felid
    26 | D:1      | Noticed a meteoran
    26 | D:1      | Noticed a tengu
   411 | D:1      | Reached XP level 2. HP: 19/19 MP: 2/2
   628 | D:1      | 628 ||| DROPPING orb of energy.
   629 | D:1      | 629 ||| UPGRADING to +0 chain mail.
   639 | D:1      | 639 ||| DROPPING +0 scale mail.
   640 | D:1      | 640 ||| UPGRADING to scarf of resistance.
   645 | D:1      | 645 ||| READING 2 scrolls labelled PUGAVVERHA.
   646 | D:1      | 646 ||| READING scroll labelled FIOTIOMNUD.
   647 | D:1      | 647 ||| READING scroll labelled SUNICVAC XIOWN.
   648 | D:1      | 648 ||| DRINKING 2 golden potions.
   749 | D:1      | 749 ||| DRINKING 3 smoky golden potions.
   750 | D:1      | 750 ||| DRINKING 3 grey potions.
   787 | D:1      | 787 ||| DROPPING potion of ambrosia.
   818 | D:2      | 818 ||| STAIRDANCE
   943 | D:2      | 943 ||| FLEEEEING.
   952 | D:2      | 952 ||| STAIRDANCE
  1019 | D:1      | 1019 ||| DRINKING 3 fizzy green potions.
  1020 | D:1      | 1020 ||| DROPPING 2 potions of degeneration.
  1108 | D:2      | Reached skill level 3 in Axes
  1108 | D:2      | Reached XP level 3. HP: 11/23 MP: 3/3
  1109 | D:2      | HP: 3/23 [gnoll/+0 halberd (8)]
  1112 | D:2      | Mangled by a gnoll

Levels and vault maps discovered:
D:1:      kb_arrival_jail, layout_basic
D:2:      minmay_skewed_foursquare, layout_loops_ring, minivault_27,
          kennysheep_another_room

Skill      XL: |  1  2 |
---------------+-------+-----
Axes           | 2 3 |  3.2
Fighting       | |  3.2
Throwing       | |  0.7
Armour         | |  3.2
Shields        | |  3.2

Action                   || total
-------------------------++-------
Melee: War axe           ||    54
Throw: Javelin           ||    18
  Use: Potion            ||     4
       Scroll            ||     3
Armor: Scale mail        ||     6
       Chain mail        ||    29
Dodge: Dodged            ||    22
Block: Buckler           ||    16

Table legend:
 A = Non-vault XP
 B = Vault XP
 C = Vault XP percentage of total XP
 D = Non-vault monster count
 E = Vault monster count
 F = Vault count percentage of total count
                 A         B        C        D         E       F
            +---------+---------+-------+---------+---------+-------
      Total |      56 |       0 |   0.0 |      18 |       0 |   0.0
            +---------+---------+-------+---------+---------+-------
        D:1 |      17 |       0 |   0.0 |      10 |       0 |   0.0
        D:2 |      39 |       0 |   0.0 |       8 |       0 |   0.0
            +---------+---------+-------+---------+---------+-------
